 Dungeon Crawl Stone Soup version 0.29.1-2-gbd0b4ee654 (webtiles) character file.

Game seed: 1024943704239788508

773 LustLizard the Shooter (level 7, -5/35 HPs)
             Began as a Spriggan Hunter on Nov 29, 2022.
             Was a Follower of Dithmenos.
             Killed from afar by an orc wizard (14 damage)
             ... with a puff of flame
             ... on level 5 of the Dungeon.
             The game lasted 00:11:22 (5418 turns).

LustLizard the Shooter (Spriggan Hunter)            Turns: 5418, Time: 00:11:22

Health: -5/35      AC:  2    Str:  7    XL:     7   Next: 53%
Magic:  12/12      EV: 18    Int: 10    God:    Dithmenos [*.....]
Gold:   14         SH:  0    Dex: 21    Spells: 9/11 levels left

rFire   . . .      SeeInvis +   a - +0 shortbow
rCold   . . .      Faith    .   (shield currently unavailable)
rNeg    . . .      Spirit   .   c - +0 robe
rPois   .          Reflect  .   (helmet restricted)
rElec   .          Harm     .   (no cloak)
rCorr   .          Rampage  .   (gloves unavailable)
Will    +....                   (boots unavailable)
Stlth   ++++......              j - amulet of magic regeneration
HPRegen 0.11/turn               (no ring)
MPRegen 0.53/turn               (no ring)

@: wreathed by umbra, very quick
A: very small, no large weapons, unfitting armour, see invisible, speed 3
a: Renounce Religion


You were on level 5 of the Dungeon.
You worshipped Dithmenos.
Dithmenos was aware of your devotion.
You visited 2 branches of the dungeon, and saw 6 of its levels.

You collected 161 gold pieces.
You spent 147 gold pieces at shops.

Inventory:

Hand Weapons
 a - a +0 shortbow (weapon)
 k - a +0 arbalest
Missiles
 f - 14 poisoned darts
Armour
 c - a +0 robe (worn)
Jewellery
 j - an amulet of magic regeneration (around neck)
Scrolls
 b - 2 scrolls of immolation
 d - 3 scrolls of noise {unknown}
 e - a scroll of poison {unknown}
 g - a scroll of brand weapon {unknown}
 i - a scroll of fog {unknown}
 l - 4 scrolls of teleportation
 n - 6 scrolls of identify {unknown}
 o - 2 scrolls of blinking
 p - 2 scrolls of vulnerability {unknown}
 q - a scroll of enchant armour {unknown}
 u - a scroll of summoning {unknown}
Potions
 h - 5 potions of heal wounds {unknown}
 m - 2 potions of resistance {unknown}
 r - a potion of might {unknown}
 s - a potion of brilliance {unknown}
 t - 2 potions of curing {unknown}
 v - a potion of berserk rage {unknown}


   Skills:
 - Level 2.0 Fighting
 * Level 7.3 Ranged Weapons
 - Level 2.6 Dodging
 + Level 6.7 Stealth
 - Level 2.7 Spellcasting
 - Level 3.1 Transmutations


You had 9 spell levels left.
You knew the following spells:

 Your Spells              Type           Power      Damage    Failure   Level
a - Wereblood             Tmut           7%         N/A       12%         2

Your spell library contained the following spells:

 Spells                   Type           Power      Damage    Failure   Level
 Beastly Appendage        Tmut           14%        N/A       9%          1
 Slow                     Hex            4%         N/A       28%         1
 Summon Small Mammal      Summ           4%         N/A       28%         1
 Spider Form              Tmut/Pois      4%         N/A       43%         3
 Call Canine Familiar     Summ           1%         N/A       65%         3
 Confusing Touch          Hex            1%         N/A       65%         3
 Portal Projectile        Hex/Tloc       2%         N/A       65%         3
 Summon Guardian Golem    Hex/Summ       1%         N/A       65%         3
 Vampiric Draining        Necr           1%         2d6       65%         3
 Dispersal                Tloc           0%         N/A       100%        6
 Eringya's Noxious Bog    Tmut/Pois      2%         N/A       100%        6


Dungeon Overview and Level Annotations

Branches:
Dungeon (5/15)             Temple (1/1) D:4

Altars:
Dithmenos
Fedhas
Hepliaklqana
Nemelex Xobeh
Qazlal
Ru
Sif Muna
Vehumet
Xom
The Shining One

Shops:
D:3 ?   D:4 *   D:5 [


Innate Abilities, Weirdness & Mutations

You are very small and have problems with some larger weapons.
You are too small for most types of armour.
You have supernaturally acute eyesight. (SInv)
You cover ground extremely quickly. (Speed+++)


Message History

You shoot an arrow. The arrow hits the orc wizard.
The orc wizard is moderately wounded.
The orc wizard gestures at you while chanting.
The magic dart hits you! The orc wizard misses you.
Fire: a) +0 shortbow
Press: ? - help, Q - select action, (/) - cycle Shift-Dir - straight line, f/p - orc wizard
Aim: an orc wizard, wielding a +0 dagger and wearing a +0 robe (moderately wounded, umbra, 63% to hit)
You shoot an arrow. The arrow hits the orc wizard.
The orc wizard is heavily wounded.
The orc wizard casts a spell at you. The magic dart hits you.
Fire: a) +0 shortbow
Press: ? - help, Q - select action, (/) - cycle Shift-Dir - straight line, f/p - orc wizard
Aim: an orc wizard, wielding a +0 dagger and wearing a +0 robe (heavily wounded, umbra, 63% to hit)
You shoot an arrow. The arrow hits the orc wizard.
The orc wizard is almost dead.
The orc wizard misses you.
A hound comes into view.
Fire: a) +0 shortbow
Press: ? - help, Q - select action, (/) - cycle Shift-Dir - straight line, f/p - orc wizard
Aim: an orc wizard, wielding a +0 dagger and wearing a +0 robe (almost dead, umbra, 63% to hit)
You shoot an arrow. The hound barks!
The arrow hits the orc wizard but does no damage.
The orc wizard is almost dead.
The orc wizard points at you and mumbles some strange words.
The magic dart hits you.
* * * LOW HITPOINT WARNING * * *
Fire: a) +0 shortbow
Press: ? - help, Q - select action, (/) - cycle Shift-Dir - straight line, f/p - orc wizard
Aim: an orc wizard, wielding a +0 dagger and wearing a +0 robe (almost dead, umbra, 63% to hit)
You shoot an arrow. The arrow barely misses the orc wizard.
The arrow closely misses the orc.
The arrow hits the hound.
The hound is moderately wounded.
You howl as the wereblood boils in your veins!
Your primal bloodlust has ended.
The orc wizard gestures at you while chanting.
The puff of flame hits you!
You die...

#.#...
#######.#####
#.........#
#.#####.#.# ..
#.#.# ...
#.#####.#.#
....+.........#
....#.#####...#
...... ##@.##
.....)####...#
......'oono.##
.....#o.####
... #h## # #..#
..... ......
.........


You could see a necrophage, a hound, an orc wizard and 2 orcs.

Vanquished Creatures
  A water moccasin (D:5)
  3 scorpions (D:4)
  4 crimson imps (D:4)
  2 hounds (D:5)
  A jelly (D:5)
  A gnoll bouda (D:4)
  2 iguanas (D:4)
  4 adders
  5 gnolls (D:4)
  2 dart slugs
  3 worms
  10 orcs
  6 endoplasms
  A giant cockroach (D:1)
  7 goblins
  9 hobgoblins
  7 jackals
  5 kobolds
  6 quokkas
  4 ball pythons
  2 bats
  3 frilled lizards
  4 rats
92 creatures vanquished.

Vanquished Creatures (others)
  13 plants
13 creatures vanquished.

Grand Total: 105 creatures vanquished

Notes
Turn   | Place    | Note
-------+----------+-------------------------------------------
     0 | D:1      | LustLizard the Spriggan Hunter began the quest for the Orb.
     0 | D:1      | Reached XP level 1. HP: 10/10 MP: 2/2
   313 | D:1      | Reached XP level 2. HP: 14/15 MP: 3/3
  1140 | D:2      | Reached XP level 3. HP: 18/18 MP: 4/4
  2766 | D:3      | Found a blossoming altar of Fedhas.
  2879 | D:3      | Reached skill level 5 in Ranged Weapons
  2879 | D:3      | Reached XP level 4. HP: 23/23 MP: 5/5
  2968 | D:3      | Found a shimmering blue altar of Sif Muna.
  3005 | D:3      | Found Zaexurph's Magic Scroll Shop.
  3014 | D:3      | Bought a scroll of teleportation for 36 gold pieces
  3014 | D:3      | Bought a scroll of blinking for 90 gold pieces
  3437 | D:3      | Learned a level 2 spell: Wereblood
  3481 | D:4      | Found a staircase to the Ecumenical Temple.
  3489 | Temple   | Entered the Ecumenical Temple
  3558 | Temple   | Became a worshipper of Dithmenos the Shadowed
  3681 | D:4      | Reached XP level 5. HP: 26/26 MP: 5/7
  3695 | D:4      | Reached skill level 1 in Spellcasting
  3695 | D:4      | Reached skill level 1 in Transmutations
  3824 | D:4      | Found a shimmering altar of Xom.
  3852 | D:4      | Reached XP level 6. HP: 29/30 MP: 9/9
  3933 | D:4      | Reached skill level 6 in Ranged Weapons
  3967 | D:4      | Reached skill level 5 in Stealth
  4063 | D:4      | Found Kyavu's Assorted Antiques.
  4252 | D:4      | Bought a sapphire potion for 21 gold pieces
  4327 | D:4      | Found a stormy altar of Qazlal.
  4358 | D:4      | Got the Commentary on Unstable Shifting
  4550 | D:5      | Entered Level 5 of the Dungeon
  4550 | D:5      | Found Zelomuf's Armour Emporium.
  4877 | D:4      | Reached XP level 7. HP: 15/35 MP: 12/12
  5351 | D:5      | Reached * piety under Dithmenos
  5401 | D:5      | Reached skill level 7 in Ranged Weapons
  5418 | D:5      | Killed from afar by an orc wizard

Illustrated notes

Levels and vault maps discovered:
D:1:      nzn_arrival_settlement, layout_basic, serial_rivers,
          chequers_serial_rivers_large_a, chequers_serial_rivers_marsh,
          chequers_serial_rivers_room_b, chequers_serial_rivers_small_3,
          chequers_serial_rivers_marsh
D:2:      layout_basic, hangedman_decor_clover_reticule, roderic_lattice_a
D:3:      layout_rooms, nicolae_sif_muna_condensation, fedhas_altar_3,
          serial_shops, shop, chequers_big_river, minmay_crystal_water
D:4:      layout_loops_ring, nicolae_overflow_hidden_temple, led_xom_imps,
          minmay_temple_entry_trees, serial_shops,
          nicolae_shop_overgrown_old_shop, kennysheep_small_square
D:5:      layout_basic, makhleb_blood_cavern_becter, serial_shops,
          nicolae_stop_n_shop_2
Temple:   nicolae_temple_bog_church

Skill      XL: |  1  2  3  4  5  6  7 |
---------------+----------------------+-----
Stealth        | 2 3 4 5 6 |  6.7
Fighting       | 2 |  2.0
Ranged Weapons | 5 6 7 |  7.3
Spellcasting   | 1 2 |  2.7
Transmutations | 2 3 |  3.1
Dodging        | |  2.6

Action                   |  1- 3 |  4- 6 |  7- 9 || total
-------------------------+-------+-------+-------++-------
 Fire: Shortbow          |   122 |   158 |    45 ||   325
       Arbalest          |     1 |       |       ||     1
 Cast: Wereblood         |       |     2 |     2 ||     4
Armor: Robe              |     2 |     3 |     5 ||    10
Dodge: Dodged            |    35 |    34 |    20 ||    89
